 Dungeon Crawl Stone Soup version 0.28.0-53-g5a82cb258f (webtiles) character file.

Game seed: 13112223442165286348

102 issech the Skirmisher (level 4, -11/41 HPs)
             Began as a Minotaur Monk on June 26, 2022.
             Mangled by Blork the orc
             ... wielding a +0 war axe
              (12 damage)
             ... on level 3 of the Dungeon.
             The game lasted 00:07:03 (2680 turns).

issech the Skirmisher (Minotaur Monk)               Turns: 2680, Time: 00:07:03

Health: -11/41     AC:  9    Str: 16    XL:     4   Next: 50%
Magic:  3/3        EV: 12    Int: 13    God:
Gold:   139        SH:  5    Dex: 14    Spells: 3/3 levels left

rFire   + . .      SeeInvis .   v - +0 short sword (venom)
rCold   . . .      Faith    .   (no shield)
rNeg    . . .      Spirit   .   w - +2 ring mail {rF+}
rPois   .          Reflect  +   (helmet restricted)
rElec   .          Harm     .   e - +1 cloak
rCorr   .          Rampage  .   (no gloves)
Will    .....                   (no boots)
Stlth   +.........              h - amulet of reflection
HPRegen 0.13/turn               c - +6 ring of intelligence
MPRegen 0.08/turn               (no ring)

@: no status effects
A: horns 2, retaliatory headbutt
a: no special abilities


You were on level 3 of the Dungeon.
You visited 1 branch of the dungeon, and saw 4 of its levels.

You collected 139 gold pieces.

Inventory:

Hand Weapons
 a - a +0 hand axe
 f - a +1 dagger of speed
 g - a +0 dagger of pain
 j - a +0 hunting sling
 v - a +0 short sword of venom (weapon)
Missiles
 i - 92 stones (quivered)
 k - 42 arrows
 s - 11 bolts
 y - 3 boomerangs
Armour
 b - a +0 robe
 e - a +1 cloak (worn)
 p - a +0 chain mail
 w - a +2 ring mail of fire resistance (worn)
Jewellery
 c - a +6 ring of intelligence (left hand)
 h - an amulet of reflection (around neck)
 m - a ring of magical power
Wands
 q - a wand of polymorph (14)
Scrolls
 l - a scroll of enchant weapon {unknown}
 n - 2 scrolls of identify {unknown}
 r - a scroll of fog {unknown}
 t - a scroll of teleportation {unknown}
 z - a scroll of silence {unknown}
Potions
 d - a potion of attraction {unknown}
 o - a potion of degeneration {unknown}
 u - 2 potions of lignification {unknown}
 x - a potion of curing {unknown}
 A - a potion of mutation {unknown}


   Skills:
 + Level 4.5 Fighting
 + Level 1.7 Short Blades
 + Level 3.9 Axes
 + Level 0.8 Armour
 + Level 4.1 Dodging
 + Level 1.9 Stealth
 + Level 0.6 Shields


You had 3 spell levels left.
You didn't know any spells.
Your spell library contained the following spells:

 Spells                   Type           Power      Damage    Failure   Level
 Beastly Appendage        Tmut           0%         N/A       52%         1
 Wereblood                Tmut           0%         N/A       65%         2
 Spider Form              Tmut/Pois      0%         N/A       87%         3


Dungeon Overview and Level Annotations

Branches:
Dungeon (4/15)
 Temple: D:4-7

Altars:

Annotations:
D:3 Blork the orc


Innate Abilities, Weirdness & Mutations

You have a pair of horns on your head.
You reflexively headbutt those who attack you in melee.


Message History

You kill the iguana!
Blork the orc closely misses you. You furiously retaliate!
You headbutt Blork the orc.
Blork the orc hits you with a +0 war axe.
You hit Blork the orc.
Blork the orc is poisoned.
You headbutt Blork the orc.
Blork the orc is moderately wounded.
Blork the orc closely misses you.
You hit Blork the orc.
Blork the orc looks as sick as possible!
Blork the orc is moderately wounded.
Blork the orc hits you with a +0 war axe!
* * * LOW HITPOINT WARNING * * *
Blork the orc closely misses you.
Unknown command.
You hit Blork the orc.
Blork the orc looks as sick as possible!
Blork the orc is heavily wounded.
You block Blork the orc's attack.
You hit Blork the orc.
Blork the orc is severely wounded.
Blork the orc casts a spell at you. The puff of frost hits you.
* * * LOW HITPOINT WARNING * * *
Blork the orc points at you and mumbles some strange words.
The magic dart hits you.
* * * LOW HITPOINT WARNING * * *
You hit Blork the orc but do no damage. Your headbutt misses Blork the orc.
Blork the orc is almost dead.
Blork the orc barely misses you.
Unknown command.
You closely miss Blork the orc.
Blork the orc is almost dead.
You block Blork the orc's attack.
Blork the orc hits you with a +0 war axe.
* * * LOW HITPOINT WARNING * * *
Unknown command.
You hit Blork the orc. Your headbutt misses Blork the orc.
Blork the orc is almost dead.
Blork the orc hits you with a +0 war axe!
You die...

#######.####################.#
.........# #.# #######..#####
#.# #######..#...# #.#
..##.....#...###### #.#
#.##.....#...##...# #<#
.........#...##...# ###
.###.....#........#######
.....[..........@.......#
.#######.......o†.......# .#
###..............# .#
#..............# .#
#..............# ##
######.....#........#
#.......####.########
#.......####.# #............#


You could see Blork the orc (fast, extremely poisoned).

Vanquished Creatures
  An iguana (D:3)
  2 adders
  A worm (D:2)
  3 dart slugs
  An orc (D:3)
  2 bats
  4 endoplasms
  A giant cockroach (D:1)
  4 goblins
  5 hobgoblins
  2 jackals (D:1)
  6 kobolds
  3 quokkas
  6 ball pythons
  2 frilled lizards (D:1)
  5 rats
48 creatures vanquished.

Notes
Turn   | Place    | Note
-------+----------+-------------------------------------------
     0 | D:1      | issech the Minotaur Monk began the quest for the Orb.
     0 | D:1      | Reached XP level 1. HP: 19/19 MP: 0/0
   458 | D:1      | Found a faded altar of an unknown god.
   493 | D:1      | Reached XP level 2. HP: 27/27 MP: 1/1
  1132 | D:2      | Reached XP level 3. HP: 23/33 MP: 2/2
  2073 | D:3      | Reached skill level 1 in Short Blades
  2130 | D:3      | Reached XP level 4. HP: 39/41 MP: 3/3
  2659 | D:4      | Noticed Blork the orc
  2679 | D:3      | HP: 1/41 [Blork the orc/+0 war axe (3)]
  2680 | D:3      | Mangled by Blork the orc

Illustrated notes

Levels and vault maps discovered:
D:1:      mrwooster_arrival_statue, layout_basic,
          hellmonk_ecumenical_altar_inner_sanctum
D:2:      layout_basic
D:3:      layout_basic
D:4:      layout_gridville, uniq_natasha, uniq_blork_the_orc

Skill      XL: |  1  2  3 |
---------------+----------+-----
Fighting       | 4 |  4.5
Dodging        | 4 |  4.1
Short Blades   | 1 |  1.7
Axes           | |  3.9
Armour         | |  0.8
Stealth        | |  1.9
Shields        | |  0.6

Action                   |  1- 3 |  4- 6 || total
-------------------------+-------+-------++-------
Melee: Hand axe          |    19 |       ||    19
       Dagger            |    60 |       ||    60
       Headbutt          |    16 |     4 ||    20
       Punch             |     1 |       ||     1
       Short sword       |    14 |    25 ||    39
Throw: Stone             |       |     5 ||     5
 Stab: Sleeping          |     1 |       ||     1
Armor: Robe              |    10 |       ||    10
       Chain mail        |    12 |       ||    12
       Ring mail         |       |     1 ||     1
Dodge: Dodged            |    43 |    13 ||    56
Block: Other             |    16 |    10 ||    26
